 Dungeon Crawl Stone Soup version 0.23.1-37-gaa34b87 (webtiles) character file.

Game seed: 9140962108339624851

149 Borgoz the Skirmisher (level 5, -1/45 (46) HPs)
             Began as a Ghoul Monk on Mar 21, 2019.
             Slain by a gnoll
             ... wielding a +0 spear
              (10 damage)
             ... on level 3 of the Dungeon.
             The game lasted 00:05:02 (2430 turns).

Borgoz the Skirmisher (Ghoul Monk)                  Turns: 2430, Time: 00:05:02

HP:   -1/45 (46)    AC:  3    Str: 15    XL:     5   Next: 31%
MP:   4/4           EV: 13    Int:  6    God:
Gold: 141           SH:  0    Dex: 11    Spells: 4/4 levels left

rFire    . . .     SeeInvis .   a - +0 short sword
rCold    + . .     Gourm    .   (no shield)
rNeg     + + +     Faith    .   p - +0 leather armour (curse)
rPois    ∞         Spirit   .   (no helmet)
rElec    .         Reflect  .   (no cloak)
rCorr    .         Harm     .   (no gloves)
MR       .....                  (no boots)
Stlth    ++........             (no amulet)
HPRegen  0.00/turn              (no ring)
MPRegen  0.09/turn              (no ring)

@: rotting
A: rotting body, claws 1, carnivore, cold resistance 1, negative energy
resistance 3, inhibited regeneration, torment resistance, unbreathing
a: no special abilities


You were on level 3 of the Dungeon.
You were not hungry.

You visited 1 branch of the dungeon, and saw 3 of its levels.

You collected 141 gold pieces.

Inventory:

Hand Weapons
 a - a +0 short sword (weapon)
Missiles
 h - 5 javelins (quivered)
Armour
 p - a cursed +0 leather armour (worn)
Jewellery
 d - an uncursed ring of ice
Wands
 k - a wand of enslavement (8)
Scrolls
 e - a scroll of random uselessness {unknown}
 f - 2 scrolls of enchant armour {unknown}
 l - 5 scrolls of teleportation {unknown}
 m - a scroll of enchant weapon {unknown}
 n - 2 scrolls of remove curse {unknown}
Potions
 b - a potion of curing {unknown}
 i - 2 potions of resistance
 j - a potion of brilliance {unknown}
 o - a potion of magic {unknown}
Comestibles
 c - 8 rations


   Skills:
 + Level 3.8 Fighting
 * Level 3.6 Short Blades
 * Level 2.2 Armour
 * Level 3.5 Dodging
 - Level 2.1 Stealth


You had 4 spell levels left.
You didn't know any spells.
Your spell library was empty.

Dungeon Overview and Level Annotations

Branches:
Dungeon (3/15)

Altars:

Annotations:
D:2 Sigmund


Innate Abilities, Weirdness & Mutations

Your body is rotting away.
You thrive on raw meat.
You are immune to poison.
You have sharp fingernails.
You are carnivorous and can eat meat at any time.
Your flesh is cold resistant. (rC+)
You are immune to negative energy. (rN+++)
You do not regenerate when monsters are visible.
You are immune to unholy pain and torment.
You can survive without breathing.


Message History

The gnoll hits you but does no damage.
You hit the gnoll.
The gnoll is lightly wounded.
The gnoll hits you with a +0 spear.
You hit the gnoll.
The gnoll is heavily wounded.
You barely miss the gnoll.
The gnoll is heavily wounded.
The gnoll closely misses you.
You hit the gnoll but do no damage.
The gnoll is heavily wounded.
The gnoll hits you with a +0 spear.
* * * LOW HITPOINT WARNING * * *
You hit the gnoll.
The gnoll is severely wounded.
The gnoll hits you but does no damage.
You hit the gnoll but do no damage.
The gnoll is severely wounded.
The gnoll hits you with a +0 spear!
You die...

#........................###
#...........................
#........................###
#...................)....#
#........................#
#..................(.....#
#........................#
#.........).....<.(.....(#
#..........@.............#
###..........g.........>...# #
#..........................#
.###...................^......#
..............................#
.#.#.#.#.#.............J.[....#
..............................#
#.#.#.#.#.#...................#
...)..........................#


You could see a gnoll and an ooze (wandering).

Vanquished Creatures
  Natasha (D:2)
  2 gnolls (D:3)
  3 adders
  A worm (D:2)
  2 dart slugs
  3 leopard geckos
  6 bats
  6 giant cockroaches
  7 goblins
  6 hobgoblins
  6 jackals (D:1)
  8 kobolds
  A quokka (D:3)
  A ball python (D:1)
  8 frilled lizards
  8 rats
69 creatures vanquished.

Notes
Turn   | Place    | Note
-------+----------+-------------------------------------------
     0 | D:1      | Borgoz the Ghoul Monk began the quest for the Orb.
     0 | D:1      | Reached XP level 1. HP: 19/19 MP: 0/0
    50 | D:1      | Reached XP level 2. HP: 1/26 MP: 1/1
   336 | D:1      | Reached skill level 1 in Armour
   452 | D:1      | Reached XP level 3. HP: 29/31 MP: 2/2
  1118 | D:2      | Reached XP level 4. HP: 37/38 MP: 3/3
  1189 | D:2      | Noticed Natasha
  1205 | D:2      | Killed Natasha
  1352 | D:2      | Noticed Sigmund
  1619 | D:3      | Reached XP level 5. HP: 36/46 MP: 4/4
  1841 | D:3      | HP: 1/46 [gnoll/+0 spear (4)]
  2430 | D:3      | Slain by a gnoll

Skill      XL: |  1  2  3  4 |
---------------+-------------+-----
Short Blades   | 3 |  3.6
Armour         | 1 2 |  2.2
Dodging        | 3 |  3.5
Fighting       | |  3.8
Stealth        | |  2.1

Action                   |  1- 3 |  4- 6 || total
-------------------------+-------+-------++-------
Melee: Short sword       |   150 |   169 ||   319
  Use: Scroll            |       |     2 ||     2
 Stab: Sleeping          |     4 |       ||     4
  Eat: Chunk             |    23 |    17 ||    40
Armor: Robe              |    32 |    11 ||    43
       Leather armour    |       |    16 ||    16
Dodge: Dodged            |   124 |   108 ||   232
